 Dungeon Crawl Stone Soup version 0.29-a0-322-g68df515428 (webtiles) character file.

Game seed: 10319546352842910208

2384 GordonOverkill the Archer (level 9, -6/52 HPs)
             Began as a Deep Elf Hunter on Apr 7, 2022.
             Was a Believer of Dithmenos.
             Mangled by a five-headed hydra (9 damage)
             ... on level 7 of the Dungeon.
             The game lasted 00:15:48 (7586 turns).

GordonOverkill the Archer (Deep Elf Hunter)         Turns: 7586, Time: 00:15:49

Health: -6/52      AC:  9    Str: 16    XL:     9   Next: 22%
Magic:  14/14      EV: 13    Int: 15    God:    Dithmenos [**....]
Gold:   308        SH:  5    Dex: 18    Spells: 8/8 levels left

rFire   . . .      SeeInvis .   b - +10 spear of Okawaru's Outrage {venom, rC++ rN+ Str+4}
rCold   + + .      Faith    .   (no shield)
rNeg    + . .      Spirit   .   v - +0 steam dragon scales
rPois   .          Reflect  +   s - +0 helmet
rElec   .          Harm     .   (no cloak)
rCorr   .          Rampage  .   (no gloves)
Will    .....                   k - +1 pair of boots
Stlth   ++........              q - amulet of reflection
HPRegen 0.17/turn               x - ring of flight
MPRegen 0.14/turn               (no ring)

@: flying, wreathed by umbra
A: no striking features
a: Renounce Religion, Shadow Step


You were on level 7 of the Dungeon.
You worshipped Dithmenos.
Dithmenos was pleased with you.
You visited 1 branch of the dungeon, and saw 7 of its levels.

You collected 308 gold pieces.

Inventory:

Hand Weapons
 a - a +1 shortbow
 b - the +10 spear of Okawaru's Outrage (weapon) {venom, rC++ rN+ Str+4}
   (You found it on level 6 of the Dungeon)

   It poisons the flesh of those it strikes.
   Str:       It affects your strength (+4).
   rC:        It greatly protects you from cold.
   rN:        It protects you from negative energy.
Armour
 k - a +1 pair of boots (worn)
 m - a +2 leather armour of fire resistance
 o - a +2 buckler
 s - a +0 helmet (worn)
 v - +0 steam dragon scales (worn)
Jewellery
 q - an amulet of reflection (around neck)
 x - a ring of flight (left hand)
Wands
 c - a wand of polymorph (9)
Scrolls
 h - 3 scrolls of immolation
 i - 5 scrolls of teleportation
 u - a scroll of enchant armour
 w - a scroll of enchant weapon {unknown}
Potions
 d - a potion of brilliance
 e - 2 potions of haste
 f - a potion of cancellation
 g - 5 potions of heal wounds
 j - 3 potions of might
 l - a potion of flight
 n - 2 potions of lignification
 p - 2 potions of attraction
 r - a potion of magic
 t - 7 potions of curing
 z - a potion of ambrosia {unknown}


   Skills:
 - Level 4.0 Fighting
 - Level 2.8 Short Blades
 + Level 4.0 Polearms
 - Level 10.0 Bows
 - Level 3.4 Armour
 - Level 2.4 Dodging
 - Level 1.2 Stealth
 + Level 2.6 Shields
 - Level 4.3 Invocations


You had 8 spell levels left.
You didn't know any spells.
Your spell library contained the following spells:

 Spells                   Type           Power      Damage    Failure   Level
 Static Discharge         Conj/Air       0%         N/A       38%         2
 Sublimation of Blood     Necr           0%         N/A       38%         2
 Dispel Undead            Necr           0%         3d6       95%         4
 Petrify                  Tmut/Erth      0%         N/A       95%         4
 Sticky Flame             Conj/Fire      0%         2d3       95%         4
 Irradiate                Conj/Tmut      0%         3d13      100%        5


Dungeon Overview and Level Annotations

Branches:
Dungeon (7/15)             Temple (0/1) D:6

Altars:
Ashenzari
Dithmenos
Elyvilon
Gozag
Hepliaklqana
Qazlal
Ru
Sif Muna
Vehumet
Wu Jian
Yredelemnul
The Shining One

Shops:
D:4 [   D:6 *

Annotations:
D:7 1 runed translucent door, Crazy Yiuf


Message History

The five-headed hydra is moderately wounded.
The five-headed hydra bites you but does no damage.
The five-headed hydra bites you!
* * * LOW HITPOINT WARNING * * *
The five-headed hydra bites you.
* * * LOW HITPOINT WARNING * * *
The five-headed hydra bites you!
* * * LOW HITPOINT WARNING * * *
The five-headed hydra closely misses you.
You puncture the five-headed hydra! You punch the five-headed hydra.
The five-headed hydra is heavily wounded.
The five-headed hydra bites you.
* * * LOW HITPOINT WARNING * * *
The five-headed hydra bites you.
* * * LOW HITPOINT WARNING * * *
The five-headed hydra bites you but does no damage. x2
The five-headed hydra bites you.
* * * LOW HITPOINT WARNING * * *
You barely miss the five-headed hydra.
The five-headed hydra is heavily wounded.
The five-headed hydra bites you but does no damage.
You block the five-headed hydra's attack.
The five-headed hydra misses you.
The five-headed hydra bites you but does no damage.
The five-headed hydra closely misses you.
You puncture the five-headed hydra!
The five-headed hydra is severely wounded.
The five-headed hydra bites you but does no damage.
You block the five-headed hydra's attack.
The five-headed hydra misses you. The five-headed hydra bites you.
* * * LOW HITPOINT WARNING * * *
The five-headed hydra barely misses you.
You barely miss the five-headed hydra.
The five-headed hydra is severely wounded.
The five-headed hydra misses you.
The five-headed hydra bites you but does no damage.
The five-headed hydra bites you!
* * * LOW HITPOINT WARNING * * *
The five-headed hydra bites you!
You die...

........#..### ...
.....#..#..# #...#
###.......)# #)g.#
####..##.# #####
######..##.###
.............####
.....#.#D#.####.#
...........####.######
##########
.....###<#.#....@....#
#.........
.........#.#.##D####.#
#.##..###.
#.########......#
##.###.##..###. ...#
###.####
#.<.##.#.....#. ...#
#..# #>.........#.#.
...# ##.#
#...##.....#.#. ...#
#.# #########......
...# #.# #######
####.## ...####### #.#
#.....# #...#


You could see a five-headed hydra (extremely poisoned).

Vanquished Creatures
  A troll (D:7)
  Grinder (D:3)
  A steam dragon (D:6)
  2 water moccasins (D:7)
  An ice beast (D:7)
  A sky beast (D:6)
  3 ogres
  A centaur (D:7)
  4 bullfrogs
  A scorpion (D:6)
  A gnoll sergeant (D:5)
  A necrophage (D:4)
  3 howler monkeys
  6 hounds
  2 jellies (D:7)
  2 orc priests
  An iguana (D:6)
  2 orc wizards
  Robin (D:4)
  3 gnolls
  7 adders
  2 white imps
  4 worms
  A dart slug (D:2)
  12 orcs
  5 bats
  9 endoplasms
  5 giant cockroaches
  17 goblins
  6 hobgoblins
  5 jackals
  2 quokkas
  8 ball pythons
  4 frilled lizards
  3 kobolds
  5 rats
133 creatures vanquished.

Vanquished Creatures (others)
  A plant (D:6)
1 creature vanquished.

Grand Total: 134 creatures vanquished

Notes
Turn   | Place    | Note
-------+----------+-------------------------------------------
     0 | D:1      | GordonOverkill the Deep Elf Hunter began the quest for the
                  | Orb.
     0 | D:1      | Reached XP level 1. HP: 12/12 MP: 3/3
   508 | D:1      | Reached XP level 2. HP: 17/17 MP: 4/4
  1027 | D:2      | Found a faded altar of an unknown god.
  1094 | D:2      | Reached skill level 6 in Bows
  1170 | D:2      | Reached XP level 3. HP: 19/21 MP: 5/5
  1370 | D:2      | Found a shadowy altar of Dithmenos.
  1379 | D:2      | Became a worshipper of Dithmenos the Shadowed
  1824 | D:2      | Reached skill level 1 in Armour
  1878 | D:2      | Reached XP level 4. HP: 25/26 MP: 6/6
  1964 | D:3      | Noticed Grinder
  2171 | D:3      | Reached skill level 1 in Invocations
  2301 | D:3      | Reached * piety under Dithmenos
  2446 | D:3      | Found a glowing golden altar of the Shining One.
  2493 | D:3      | Found a broken altar of Ashenzari.
  2703 | D:3      | Killed Grinder
  2704 | D:3      | Reached skill level 7 in Bows
  2704 | D:3      | Reached XP level 5. HP: 32/32 MP: 6/8
  2704 | D:3      | Reached XP level 6. HP: 36/36 MP: 6/9
  2947 | D:4      | Found Gorphiri's Armour Shoppe.
  3003 | D:4      | Noticed Robin
  3267 | D:3      | Reached skill level 8 in Bows
  3397 | D:4      | Killed Robin
  4023 | D:5      | Entered Level 5 of the Dungeon
  4080 | D:5      | HP: 1/37 [orc priest/nerve-wracking pain (10)]
  4088 | D:5      | Reached XP level 7. HP: 15/41 MP: 11/11
  4439 | D:5      | Reached skill level 1 in Short Blades
  4550 | D:5      | Identified the +1 falchion of Roefaski {holy, +Blink rC++
                  | Will- Str+4}
  4678 | D:5      | Found a sacrificial altar of Ru.
  4892 | D:6      | Found an ornate altar of the Wu Jian Council.
  4893 | D:6      | Found a shimmering blue altar of Sif Muna.
  4894 | D:6      | Found a hazy altar of Hepliaklqana.
  5000 | D:6      | Found a stormy altar of Qazlal.
  5069 | D:6      | Reached skill level 9 in Bows
  5188 | D:6      | Reached ** piety under Dithmenos
  5421 | D:5      | Reached XP level 8. HP: 16/48 MP: 12/12
  5716 | D:6      | Found a basalt altar of Yredelemnul.
  5905 | D:6      | Found an opulent altar of Gozag.
  5909 | D:6      | Found Gozag's Platinum Reserve.
  5976 | D:6      | Found a staircase to the Ecumenical Temple.
  6045 | D:6      | Found a radiant altar of Vehumet.
  6095 | D:6      | Reached skill level 10 in Bows
  6145 | D:6      | Found a white marble altar of Elyvilon.
  6349 | D:6      | Identified the +10 spear of Okawaru's Outrage {venom, rC++
                  | rN+ Str+4}
  6381 | D:7      | Reached skill level 1 in Polearms
  6798 | D:7      | Found a runed translucent door.
  6799 | D:7      | Noticed Crazy Yiuf
  6895 | D:7      | Noticed a troll
  6902 | D:7      | Killed a troll
  6903 | D:7      | Reached skill level 1 in Shields
  6903 | D:7      | Reached XP level 9. HP: 37/52 MP: 14/14
  6997 | D:7      | Noticed a five-headed hydra
  7586 | D:7      | Mangled by a five-headed hydra

Illustrated notes

Levels and vault maps discovered:
D:1:      wander_arrival_estate, layout_basic, dreamdust_princess_bridge,
          eino_curves_03
D:2:      layout_basic, basic_altar, basic_ecumenical_altar
D:3:      layout_rooms, tso_altar, lemuel_tele_altar,
          chequers_serial_rivers_micro_c, st_stairs_10, fountainhead,
          uniq_grinder
D:4:      layout_rooms, serial_shops, shop, uniq_robin
D:5:      layout_basic, hangedman_ru_absence, lemuel_flamethrower_2
D:6:      layout_basic, kennysheep_ying_yang, nicolae_qazlal_general_emergency,
          mainiacjoe_overflow_cross_hatched,
          gammafunk_temple_overflow_forgotten, nicolae_gozag_zags_fifth_avenue,
          minmay_temple_entry_nine_rooms
D:7:      layout_loops_cross, uniq_crazy_yiuf_cottage

Skill      XL: |  1  2  3  4  5  6  7  8  9 |
---------------+----------------------------+-----
Bows           | 6 7 8 9 10 | 10.0
Fighting       | 2 3 4 |  4.0
Armour         | 1 2 3 |  3.4
Invocations    | 2 3 4 |  4.3
Short Blades   | 2 |  2.8
Polearms       | 3 4 |  4.0
Shields        | 1 2 |  2.6
Dodging        | |  2.4
Stealth        | |  1.2

Action                   |  1- 3 |  4- 6 |  7- 9 || total
-------------------------+-------+-------+-------++-------
Melee: Dagger            |       |     6 |    14 ||    20
       Spear             |       |       |    48 ||    48
       Punch             |       |       |     1 ||     1
 Fire: Shortbow          |    88 |   176 |   143 ||   407
  Use: Scroll            |     4 |    11 |     3 ||    18
       Potion            |       |     8 |     2 ||    10
 Stab: Sleeping          |       |       |     3 ||     3
Armor: Leather armour    |     7 |    39 |    14 ||    60
       Ring mail         |     7 |       |       ||     7
       Skin              |       |     2 |     6 ||     8
       Steam dragon scal |       |       |    25 ||    25
Dodge: Dodged            |    22 |    95 |    68 ||   185
Block: Other             |       |       |    10 ||    10
       Buckler           |       |       |     9 ||     9
       Reflection        |       |       |     1 ||     1

Table legend: (Time is in decaauts)
 A = Elapsed time spent in this place.
 B = Non-inter-level travel time spent in this place.
 C = Inter-level travel time spent in this place.
 D = Time resting spent in this place.
 E = Time spent auto-exploring this place.
 F = Levels seen in this place.
 G = Mean time per level.
                   A        B        C        D        E       F      G
               +--------+--------+--------+--------+--------+-----+--------+
         Total |   7663 |   7320 |    343 |   2107 |   3816 |   7 | 1094.7 |
       Dungeon |   7663 |   7320 |    343 |   2107 |   3816 |   7 | 1094.7 |
               +--------+--------+--------+--------+--------+-----+--------+

Top non-repeatable levels by time:
     D:3: 1506 daAuts
     D:2: 1379 daAuts
     D:5: 1264 daAuts
     D:6: 1174 daAuts
     D:7: 1136 daAuts
     D:1: 709 daAuts
     D:4: 494 daAuts
